 Dungeon Crawl Stone Soup version 0.28-a0-957-g42eb19b844 (webtiles) character file.

Game seed: 16156028844447499257

3350 Redcow54321 the Grappler (level 9, -3/80 HPs)
             Began as a Troll Fighter on Nov 30, 2021.
             Slain by a wolf (7 damage)
             ... on level 1 of the Lair of Beasts.
             The game lasted 00:11:49 (5026 turns).

Redcow54321 the Grappler (Troll Fighter)            Turns: 5026, Time: 00:11:50

Health: -3/80      AC:  4    Str: 30    XL:     9   Next: 72%
Magic:  8/8        EV: 10    Int:  4    God:
Gold:   842        SH:  0    Dex:  9    Spells: 8/8 levels left

rFire   . . .      SeeInvis .     - Unarmed
rCold   . . .      Faith    .   (no shield)
rNeg    . . .      Spirit   .   a - +0 robe
rPois   .          Reflect  .   (helmet restricted)
rElec   .          Harm     .   (no cloak)
rCorr   .          Rampage  .   (gloves unavailable)
Will    .....                   (boots unavailable)
Stlth   +.........              (no amulet)
HPRegen 1.03/turn               (no ring)
MPRegen 0.11/turn               (no ring)

@: no status effects
A: large, unfitting armour, claws 3, regeneration 1, shaggy fur 1, tough skin 1
a: no special abilities


You were on level 1 of the Lair of Beasts.
You visited 2 branches of the dungeon, and saw 8 of its levels.

You collected 842 gold pieces.

Inventory:

Missiles
 y - a throwing net (quivered)
Armour
 a - a +0 robe (worn)
 v - a +2 ring mail of cold resistance
Jewellery
 j - an amulet of faith
 k - a ring of fire
 r - an amulet of the acrobat
 x - a +4 ring of protection
Scrolls
 b - 4 scrolls of brand weapon
 e - a scroll of summoning {unknown}
 g - a scroll of enchant armour {unknown}
 i - a scroll of silence {unknown}
 m - 3 scrolls of teleportation
 n - 2 scrolls of enchant weapon {unknown}
 p - 2 scrolls of immolation {unknown}
 s - a scroll of blinking {unknown}
 u - 8 scrolls of identify
 w - a scroll of acquirement {unknown}
Potions
 c - a potion of attraction {unknown}
 d - 2 potions of cancellation {unknown}
 f - a potion of resistance
 h - 3 potions of curing
 l - a potion of lignification
 o - 2 potions of haste {unknown}
 q - a potion of brilliance {unknown}
 t - 2 potions of mutation {unknown}


   Skills:
 - Level 2.4 Fighting
 - Level 2.4 Dodging
 - Level 2.4 Shields
 * Level 13.8 Unarmed Combat


You had 8 spell levels left.
You didn't know any spells.
Your spell library contained the following spells:

 Spells                   Type           Power      Damage    Failure   Level
 Static Discharge         Conj/Air       0%         N/A       65%         2
 Lightning Bolt           Conj/Air       0%         1d11      100%        5
 Maxwell's Capacitive Co  Air            0%         ∞         100%        8


Dungeon Overview and Level Annotations

Branches:
Dungeon (8/15)               Lair (2/6) D:8
 Temple: D:4-7        Swamp: Lair:2-4    Shoals: Lair:2-4     Snake: Lair:2-4
 Spider: Lair:2-4

Altars:
Elyvilon

Shops:
D:7 (


Innate Abilities, Weirdness & Mutations

You are too large for most types of armour.
You have claws for hands.
Your natural rate of healing is unusually fast.
You are covered in fur. (AC +1)
You have tough skin. (AC +1)


Message History

The wolf bites you. x2
The wolf howls!
The wolf bites you! x2; The wolf barely misses you.
There is a stone staircase leading up, spattered with blood here.
You can't go down here!
The wolf bites you but does no damage. The wolf bites you. x2
The wolf closely misses you. The wolf bites you but does no damage.
You climb upwards.
There is a stone staircase leading down here.
You scratch the wolf but do no damage. The wolf bites you but does no damage.
The wolf closely misses you. The wolf bites you. x2
The wolf closely misses you. The wolf barely misses you. The wolf bites you.
The wolf bites you but does no damage. The wolf bites you!
The wolf closely misses you. The wolf bites you but does no damage.
The wolf barely misses you. The wolf closely misses you. The wolf bites you!
The wolf barely misses you. The wolf bites you.
* * * LOW HITPOINT WARNING * * *
The wolf bites you. The wolf bites you.
* * * LOW HITPOINT WARNING * * *
The wolf completely misses you.
The wolf bites the plant!
The plant begins to die.
The wolf bites you.
* * * LOW HITPOINT WARNING * * *
The wolf bites you but does no damage. The wolf barely misses you.
The wolf misses you. The wolf bites you.
* * * LOW HITPOINT WARNING * * *
The wolf bites you but does no damage. The wolf bites you!
* * * LOW HITPOINT WARNING * * *
The wolf completely misses you. The wolf bites you.
* * * LOW HITPOINT WARNING * * *
The wolf bites you.
* * * LOW HITPOINT WARNING * * *
The wolf bites you!
You die...

#.................## ### #...
#.###.'####.......####.####...
#.#..<......#.##............P#
#.#...........###.....§§....##
#.#.........#.P######§≈≈§#####
#.#.........#.##### #§≈≈## #
#.............###.###≈§## #
#.######.####.h....#####
#............@h......### #
#.............h........# #
####....................(.# ####
#......#....###.##P.......####..#
#.##...###### #####..............
#.##...# #.............# ..##...#
#..###+.#####.# ####...##
#..#........#.# ####....#
#..+........#..


You could see 3 wolves.

Vanquished Creatures
  A cane toad (Lair:1)
  A rime drake (Lair:1)
  A troll (D:7)
  4 polar bears (Lair:1)
  Grinder (D:4)
  2 basilisks (Lair:1)
  A water moccasin (Lair:1)
  An orc warrior (D:8)
  A sky beast (D:7)
  A hornet zombie (D:8)
  A black bear (D:7)
  2 ogres (D:4)
  A scorpion (D:4)
  An electric eel (Lair:1)
  A centaur zombie (D:3)
  2 hounds (D:4)
  An orc priest (D:4)
  Jessica (D:2)
  An iguana (D:7)
  2 orc wizards
  2 hound zombies (D:3)
  2 hound skeletons
  Robin (D:2)
  A gnoll (D:4)
  10 adders
  An ufetubus (D:4)
  2 adder skeletons
  An adder zombie (D:3)
  A worm (D:4)
  6 dart slugs
  11 orcs
  4 ball pythons
  7 endoplasms
  A giant cockroach (D:1)
  15 goblins
  14 hobgoblins
  7 jackals
  3 quokkas
  2 ball python zombies (D:3)
  6 bats
  3 frilled lizards (D:1)
  2 giant cockroach zombies (D:3)
  A jackal skeleton (D:3)
  6 kobolds
  A quokka skeleton (D:3)
  10 rats
147 creatures vanquished.

Vanquished Creatures (others)
  5 plants
  3 withered plants (D:3)
8 creatures vanquished.

Grand Total: 155 creatures vanquished

Notes
Turn   | Place    | Note
-------+----------+-------------------------------------------
     0 | D:1      | Redcow54321 the Troll Fighter began the quest for the Orb.
     0 | D:1      | Reached XP level 1. HP: 22/22 MP: 0/0
   151 | D:1      | Reached XP level 2. HP: 29/29 MP: 1/1
   170 | D:1      | Reached skill level 3 in Unarmed Combat
   386 | D:1      | Reached XP level 3. HP: 36/36 MP: 2/2
   799 | D:2      | Reached skill level 4 in Unarmed Combat
   803 | D:2      | Noticed Robin
   825 | D:2      | Killed Robin
   826 | D:2      | Reached XP level 4. HP: 31/44 MP: 3/3
  1025 | D:2      | Noticed Jessica
  1030 | D:2      | Killed Jessica
  1041 | D:2      | Found a faded altar of an unknown god.
  1041 | D:2      | Noticed a chaos spawn
  1104 | D:3      | Reached skill level 5 in Unarmed Combat
  1326 | D:3      | Reached XP level 5. HP: 50/50 MP: 4/4
  1790 | D:3      | Reached skill level 6 in Unarmed Combat
  2145 | D:4      | Reached XP level 6. HP: 58/59 MP: 5/5
  2227 | D:4      | Noticed Grinder
  2234 | D:4      | Killed Grinder
  2235 | D:4      | Reached skill level 7 in Unarmed Combat
  2235 | D:4      | Reached XP level 7. HP: 50/66 MP: 6/6
  2265 | D:4      | Reached skill level 8 in Unarmed Combat
  2587 | D:4      | Found a white marble altar of Elyvilon.
  2752 | D:4      | Reached skill level 9 in Unarmed Combat
  2840 | D:4      | You fall into a shaft and drop 3 floors!
  2974 | D:7      | Reached XP level 8. HP: 70/74 MP: 7/7
  3189 | D:7      | Found Sioraleq's Weapon Shoppe.
  3281 | D:7      | Noticed a troll
  3288 | D:7      | Killed a troll
  3289 | D:7      | Reached skill level 10 in Unarmed Combat
  3796 | D:8      | Reached skill level 11 in Unarmed Combat
  3910 | D:8      | Found a staircase to the Lair.
  3960 | Lair:1   | Entered Level 1 of the Lair of Beasts
  3960 | Lair:1   | Noticed a rime drake
  3967 | Lair:1   | Killed a rime drake
  4161 | Lair:1   | Reached XP level 9. HP: 32/80 MP: 8/8
  4225 | Lair:1   | Noticed a polar bear
  4227 | Lair:1   | Noticed a polar bear
  4228 | Lair:1   | Noticed a polar bear
  4253 | Lair:1   | Killed a polar bear
  4254 | Lair:1   | Reached skill level 12 in Unarmed Combat
  4259 | Lair:1   | Killed a polar bear
  4264 | Lair:1   | Killed a polar bear
  4403 | Lair:1   | Noticed a polar bear
  4414 | Lair:1   | Killed a polar bear
  4415 | Lair:1   | Reached skill level 13 in Unarmed Combat
  4513 | Lair:1   | Noticed a cane toad
  4519 | Lair:1   | Killed a cane toad
  4571 | Lair:1   | Found a dark tunnel.
  5026 | Lair:1   | HP: 4/80 [wolf (6)]
  5026 | Lair:1   | Slain by a wolf

Illustrated notes

Levels and vault maps discovered:
D:1:      sevenhm_arrival_forest_fort_small_5, layout_basic
D:2:      layout_basic, dreamdust_ecumenical_altar_sealed_demon, uniq_robin,
          uniq_jessica
D:3:      layout_loops_corners, serial_undead, serial_undead_c, serial_undead_d,
          serial_undead_c, serial_undead_f, serial_undead_e, serial_undead_e,
          serial_undead_d, ebering_dispersal_statue_hall, chequers_big_river
D:4:      minmay_polygon_palace, layout_basic, amcnicky_altar_gilded,
          st_stairs_10, uniq_grinder
D:7:      layout_basic, serial_shops, nicolae_shop_bloodbath_and_beyond
D:8:      minmay_imperfect_grid, layout_loops_corners, lair_entry_dummy
Lair:1:   dragon1_lemuel, layout_chaotic_city, nicolae_volcano_entry_hallway,
          nicolae_quartered_pool_super, cheibrodos_lair_lostbears
Lair:2:   layout_cave_pods, minivault_27, beast_lair_carwin_11

Skill      XL: |  1  2  3  4  5  6  7  8  9 |
---------------+----------------------------+-----
Unarmed Combat | 3 4 5 6 7 9 11 13 | 13.8
Fighting       | |  2.4
Dodging        | |  2.4
Shields        | |  2.4

Action                   |  1- 3 |  4- 6 |  7- 9 || total
-------------------------+-------+-------+-------++-------
Melee: Unarmed           |   110 |    97 |   181 ||   388
       Punch             |       |     3 |     9 ||    12
  Use: Scroll            |       |     5 |       ||     5
       Potion            |       |     2 |     1 ||     3
 Stab: Sleeping          |       |       |     1 ||     1
Armor: Robe              |    63 |    29 |    37 ||   129
Dodge: Dodged            |    79 |    44 |    80 ||   203

Table legend: (Time is in decaauts)
 A = Elapsed time spent in this place.
 B = Non-inter-level travel time spent in this place.
 C = Inter-level travel time spent in this place.
 D = Time resting spent in this place.
 E = Time spent auto-exploring this place.
 F = Levels seen in this place.
 G = Mean time per level.
                   A        B        C        D        E       F      G
               +--------+--------+--------+--------+--------+-----+--------+
         Total |   4993 |   4845 |    148 |    108 |   3706 |   8 |  624.1 |
       Dungeon |   3939 |   3865 |     74 |      0 |   3025 |   6 |  656.5 |
          Lair |   1054 |    980 |     74 |    108 |    681 |   2 |  527.0 |
               +--------+--------+--------+--------+--------+-----+--------+

Top non-repeatable levels by time:
     D:3: 1047 daAuts
  Lair:1: 1044 daAuts
     D:7: 855 daAuts
     D:4: 686 daAuts
     D:1: 615 daAuts
     D:2: 475 daAuts
     D:8: 260 daAuts
  Lair:2: 9 daAuts
